 Dungeon Crawl Stone Soup version 0.26-a0-1191-ge2a0e31ab3 (webtiles) character file.

Game seed: 125668617279409456

210 vvl the Firebug (level 5, 0/35 HPs)
             Began as a Demonspawn Fire Elementalist on Dec 29, 2020.
             Slain by a worker ant (4 damage)
             ... on level 4 of the Dungeon.
             The game lasted 00:15:25 (4580 turns).

vvl the Firebug (Demonspawn Fire Elementalist)      Turns: 4580, Time: 00:15:25

Health: 0/35       AC:  4    Str:  9    XL:     5   Next: 56%
Magic:  5/9        EV: 12    Int: 17    God:
Gold:   111        SH:  0    Dex: 13    Spells: 9/10 levels left

rFire    . . .     SeeInvis .   j - -3 mace (curse)
rCold    . . .     Faith    .   (no shield)
rNeg     . . .     Spirit   .   d - +0 robe (curse)
rPois    .         Reflect  .   (no helmet)
rElec    .         Harm     .   a - +0 cloak
rCorr    .         Rampage  .   (no gloves)
Will     .....                  q - +0 pair of boots (curse)
Stlth    ++........             (no amulet)
HPRegen  0.11/turn              (no ring)
MPRegen  0.11/turn              (no ring)

@: lethally poisoned (0 -> -1)
A: hooves 2, powered by death 1
a: no special abilities


You were on level 4 of the Dungeon.
You visited 1 branch of the dungeon, and saw 4 of its levels.

You collected 111 gold pieces.

Inventory:

Hand Weapons
 e - a +3 dagger
 g - a +4 quarterstaff of chaos
 j - a cursed -3 mace (weapon)
 k - a cursed -2 mace
 p - a +0 falchion of protection
Armour
 a - a +0 cloak (worn)
 d - a cursed +0 robe (worn)
 q - a cursed +0 pair of boots (worn)
Wands
 b - a wand of random effects (11)
Scrolls
 c - 2 scrolls of remove curse {unknown}
 h - a scroll of amnesia {unknown}
 i - a scroll of teleportation {unknown}
 l - a scroll of fear {unknown}
 m - a scroll of magic mapping {unknown}
 n - a scroll of enchant armour {unknown}
 o - a scroll of enchant weapon {unknown}
 t - a scroll of identify {unknown}
Potions
 f - a potion of cancellation {unknown}
 r - a potion of lignification {unknown}
 s - a potion of attraction {unknown}
 u - a potion of might
 v - 2 potions of brilliance {unknown}
 w - a potion of heal wounds {unknown}


   Skills:
 - Level 1.7 Dodging
 - Level 1.7 Stealth
 + Level 3.0 Spellcasting
 * Level 3.4 Conjurations
 + Level 3.4 Fire Magic
 + Level 3.0 Invocations


You had 9 spell levels left.
You knew the following spells:

 Your Spells              Type           Power        Failure   Level
a - Foxfire               Conj/Fire      56%          4%          1

Your spell library contained the following spells:

 Spells                   Type           Power        Failure   Level
 Conjure Flame            Conj/Fire      14%          13%         3
 Inner Flame              Hex/Fire       8%           26%         3
 Sticky Flame             Conj/Fire      14%          38%         4
 Fireball                 Conj/Fire      7%           75%         5


Dungeon Overview and Level Annotations

Branches:
Dungeon (4/15)
 Temple: D:4-7

Altars:
Fedhas
Okawaru
Ru


Innate Abilities, Weirdness & Mutations

You have hoof-like feet.
You regenerate a little health from kills.


Message History

The hound bites you.
* * * LOW HITPOINT WARNING * * *
Casting: Foxfire (safe; 4% risk of failure)
Confirm with . or Enter, or press ? or * to list all spells.
You conjure some foxfire!
You feel sick.
The foxfire hits the worker ant but does no damage.
The worker ant is heavily wounded.
The foxfire hits the worker ant.
The worker ant is severely wounded.
The hound bites you.
* * * LOW HITPOINT WARNING * * *
The hound bites you.
* * * LOW HITPOINT WARNING * * *
The worker ant bites you but does no damage.
The foxfire hits the hound.
The hound is lightly wounded.
The foxfire hits the worker ant.
The worker ant is almost dead.
The worker ant barely misses you. The worker ant bites you.
You die...

#..#..##.......
##..#..#
.......
#......#
.....<.
##..###..#
.....#.
#........#
#..###
..#.####.## ..#
##..##..#
#hBB....#
#§@§....#
#......##
#......#
#......#
#......#
##.#.#.#
##.#.#.#
#....#.#
#......#


You could see a hound and 2 worker ants.

Vanquished Creatures
  Crazy Yiuf (D:2)
  3 gnolls (D:2)
  3 adders
  2 oozes
  8 worms
  2 dart slugs
  A leopard gecko (D:1)
  5 orcs (D:3)
  6 bats
  6 giant cockroaches
  13 hobgoblins
  2 jackals (D:3)
  3 ball pythons
  6 frilled lizards
  10 goblins
  8 kobolds
  6 rats
85 creatures vanquished.

Vanquished Creatures (others)
  344 foxfires
344 creatures vanquished.

Grand Total: 429 creatures vanquished

Notes
Turn   | Place    | Note
-------+----------+-------------------------------------------
     0 | D:1      | vvl the Demonspawn Fire Elementalist began the quest for
                  | the Orb.
     0 | D:1      | Reached XP level 1. HP: 13/13 MP: 3/3
   290 | D:1      | Gained mutation: You regenerate a little health from kills.
                  | [demonic ancestry]
   290 | D:1      | Reached XP level 2. HP: 19/19 MP: 0/5
   298 | D:1      | Reached skill level 1 in Invocations
  1054 | D:1      | Reached XP level 3. HP: 9/24 MP: 2/6
  1392 | D:2      | Found a blossoming altar of Fedhas.
  1604 | D:2      | Gained mutation: You have large cloven feet. [demonic
                  | ancestry]
  1604 | D:2      | Reached XP level 4. HP: 30/30 MP: 0/7
  2095 | D:2      | Found a runed translucent door.
  2096 | D:2      | Noticed Crazy Yiuf
  2331 | D:2      | Killed Crazy Yiuf
  3056 | D:2      | Gained mutation: You have hoof-like feet. [demonic
                  | ancestry]
  3056 | D:2      | Reached XP level 5. HP: 35/35 MP: 5/9
  4032 | D:3      | Found an iron altar of Okawaru.
  4405 | D:3      | Found a sacrificial altar of Ru.
  4580 | D:4      | Slain by a worker ant

Illustrated notes

Levels and vault maps discovered:
D:1:      ebering_trefoil_3fold, layout_basic, minmay_parallelograms
D:2:      layout_rooms, fedhas_altar_4, uniq_crazy_yiuf_cottage
D:3:      layout_loops_ring, lemuel_doored_altar, okawaru_ov_weapons_minmay
D:4:      layout_rooms, serial_shops, shop_coins, gammafunk_ghost_icy

Skill      XL: |  1  2  3  4  5 |
---------------+----------------+-----
Invocations    | 1 2 3 |  3.0
Conjurations   | 2 3 |  3.4
Fire Magic     | 3 |  3.4
Spellcasting   | 3 |  3.0
Dodging        | |  1.7
Stealth        | |  1.7

Action                   |  1- 3 |  4- 6 || total
-------------------------+-------+-------++-------
Melee: Dagger            |    46 |    54 ||   100
       Kick              |       |    11 ||    11
       Mace              |       |    17 ||    17
 Cast: Foxfire           |    57 |   147 ||   204
  Use: Potion            |       |     1 ||     1
 Stab: Sleeping          |       |     1 ||     1
Armor: Robe              |    16 |    26 ||    42
Dodge: Dodged            |    42 |    76 ||   118

Table legend: (Time is in decaauts)
 A = Elapsed time spent in this place.
 B = Non-inter-level travel time spent in this place.
 C = Inter-level travel time spent in this place.
 D = Time resting spent in this place.
 E = Time spent auto-exploring this place.
 F = Levels seen in this place.
 G = Mean time per level.
                   A        B        C        D        E       F      G
               +--------+--------+--------+--------+--------+-----+--------+
         Total |   4573 |   4427 |    146 |    325 |   3386 |   4 | 1143.2 |
       Dungeon |   4573 |   4427 |    146 |    325 |   3386 |   4 | 1143.2 |
               +--------+--------+--------+--------+--------+-----+--------+

Top non-repeatable levels by time:
     D:2: 2016 daAuts
     D:1: 1440 daAuts
     D:3: 1067 daAuts
     D:4: 49 daAuts
